cohdb
Replays
Latest Replays
All Replays
Popular Replays
Top Player Replays
Match Explorer
How It Works
Community
CoH3 Stats
Reddit
Sign in to upload your games and track your stats! →
Sign in with Steam
Match 40931369
Unlisted
Match 40931369
Overview
Messages
Build Orders
End
Scout Squad
Construct Barracks
1⁄4-ton 4x4 Truck
Riflemen Squad
Riflemen Squad
Engineer Squad
Mechanized Support Center
Construct Medical Station
Grenade Package
Selects Heavy Weapons
Selects M2HB .50cal Heavy Machine Gun
M1 Mortar Team
Construct Motor Pool
M3 75 mm Gun Motor Carriage
Selects Assault Carriers
Selects Exchangeable Parts
M1 Anti-tank Gun Team
Selects Gallant Stand
M1 Anti-tank Gun Team
M1 Mortar Team
Selects M26 Pershing Heavy Tank
.:PSG:. RedxWings
Thien
0
0
Comments
sign in to comment!
No comments posted yet!